 Dungeon Crawl Stone Soup version 0.31.0-9-g3a7656b989 (webtiles) character file.

Game seed: 9755960936855032901

86 qw the Shooter (level 4, -1/22 HPs)
             Began as a Spriggan Hunter on Feb 2, 2024.
             Slain by a cerulean imp
             ... wielding a +1 spear
             ... summoned by Natasha
              (3 damage)
             ... on level 2 of the Dungeon.
             The game lasted 00:00:06 (751 turns).

qw the Shooter (Spriggan Hunter)                     Turns: 751, Time: 00:00:07

Health: -1/22      AC:  2    Str:  7    XL:     4   Next: 26%
Magic:  5/5        EV: 20    Int: 10    God:
Gold:   98         SH:  0    Dex: 20    Spells: 3/3 levels left

rFire   . . .        a - +0 shortbow
rCold   . . .        (shield currently unavailable)
rNeg    . . .        c - +0 robe
rPois   .            (helmet restricted)
rElec   .            (no cloak)
rCorr   .            (gloves unavailable)
SInv    +            (boots unavailable)
Will    .....        (no amulet)
Stlth   ++           (no ring)
HPRegen 0.23/turn    (no ring)
MPRegen 0.09/turn

%: no passive effects
@: very quick
A: very small, no large weapons, unfitting armour, see invisible, speed 3
a: no special abilities


You were on level 2 of the Dungeon.
You visited 1 branch of the dungeon, and saw 2 of its levels.

You collected 98 gold pieces.


Innate Abilities, Weirdness & Mutations

You are very small and have problems with some larger weapons.
You are too small for most types of armour.
You have supernaturally acute eyesight. (SInv)
You cover ground extremely quickly. (Speed+++)


   Skills:
 - Level 1.5 Fighting
 - Level 5.0 Ranged Weapons
 + Level 4.7 Dodging
 - Level 1.5 Stealth


You had 3 spell levels left.
You didn't know any spells.
Your spell library was empty.

Inventory:

Hand Weapons
 a - a +0 shortbow (weapon)
Armour
 c - a +0 robe (worn)
Scrolls
 b - a scroll of torment {unknown}
 e - a scroll of identify {unknown}
 j - a scroll of teleportation {unknown}
Potions
 d - a potion of invisibility {unknown}
 f - a potion of resistance
 g - 2 potions of curing {unknown}
 h - a potion of haste
 i - 2 potions of degeneration {unknown}

Dungeon Overview and Level Annotations

Branches:
Dungeon (2/15)

Altars:
Ru

Annotations:
D:2 Natasha


Message History

The cerulean imp misses you.
You shoot an arrow. The arrow hits the cerulean imp.
The cerulean imp is moderately wounded.
The cerulean imp misses you. The cerulean imp barely misses you.
You shoot an arrow.
The arrow barely misses the cerulean imp.
The arrow hits the cerulean imp.
The cerulean imp is moderately wounded.
Natasha howls an incantation.
Natasha's front paws start to glow.
The cerulean imp hits you but does no damage.
You shoot an arrow.
The arrow barely misses the cerulean imp.
The arrow hits the cerulean imp!
The cerulean imp is almost dead.
The cerulean imp hits you but does no damage.
You shoot an arrow.
The arrow hits the cerulean imp but does no damage.
The cerulean imp is moderately wounded.
The cerulean imp completely misses you.
You shoot an arrow. The arrow hits the cerulean imp.
The cerulean imp is severely wounded.
The cerulean imp barely misses you.
You shoot an arrow.
The arrow closely misses the cerulean imp.
The arrow hits the cerulean imp.
You kill the cerulean imp!
The cerulean imp disappears in a puff of smoke!
The cerulean imp closely misses you.
Natasha mumbles some strange words.
You shoot an arrow. The arrow misses the cerulean imp.
The arrow closely misses the cerulean imp.
The arrow closely misses Natasha.
The cerulean imp completely misses you.
The cerulean imp hits you from afar with a +1 spear.
You shoot an arrow. The arrow hits the cerulean imp.
You kill the cerulean imp!
The cerulean imp disappears in a puff of smoke!
The cerulean imp hits you from afar with a +1 spear.
You die...

############ .........#
#..........#
...#.........#
#.5........#
.............
#####5.........#
...#.#.....#
#.@.5h...#######
.....#.....####.######.#
.#..##.._.......#### #.#
....##.....#####)..# #.#
...........#.# #...# #.#
.......#.....###.(.# #.#
..#...######.##....#
...##.######.##....#
..........##.#.....##


You could see Natasha and 2 cerulean imps.

Vanquished Creatures
  3 adders
  3 ribbon worms (D:2)
  3 dart slugs
  5 ball pythons (D:1)
  3 endoplasms
  2 giant cockroaches (D:2)
  5 goblins
  8 jackals
  A quokka (D:2)
  A bat (D:1)
  4 kobolds
  7 rats
45 creatures vanquished.

Notes
Turn   | Place    | Note
-------+----------+-------------------------------------------
     0 | D:1      | qw the Spriggan Hunter began the quest for the Orb.
     0 | D:1      | Reached XP level 1. HP: 10/10 MP: 2/2
     0 | D:1      | 0 ||| qw: Version: 0.3-a-155-g5e7d8dd
     0 | D:1      | 0 ||| qw: Game counter: 776
     0 | D:1      | 0 ||| qw: Melee chars always use a shield: true
     0 | D:1      | 0 ||| qw: God list: Okawaru
     0 | D:1      | 0 ||| qw: Allow faded altars: false
     0 | D:1      | 0 ||| qw: Do Orc after clearing Dungeon:15 true
     0 | D:1      | 0 ||| qw: Do second Lair branch before Depths: true
     0 | D:1      | 0 ||| qw: Lair rune preference: random
     0 | D:1      | 0 ||| qw: Goals: Normal
     0 | D:1      | 0 ||| PLANNING D:1-11
    15 | D:1      | Reached skill level 3 in Dodging
    64 | D:1      | Reached XP level 2. HP: 14/14 MP: 3/3
   189 | D:1      | Reached XP level 3. HP: 18/18 MP: 4/4
   386 | D:1      | 386 ||| READING scroll labelled DUETERIUSA.
   387 | D:1      | 387 ||| DRINKING 2 clear potions.
   388 | D:1      | 388 ||| DRINKING 2 metallic blue potions.
   389 | D:1      | 389 ||| DROPPING scroll of butterflies.
   408 | D:2      | 408 ||| STAIRDANCE
   502 | D:2      | Found a sacrificial altar of Ru.
   533 | D:2      | Reached skill level 5 in Ranged Weapons
   533 | D:2      | Reached XP level 4. HP: 22/22 MP: 5/5
   730 | D:2      | Noticed Natasha
   737 | D:2      | 737 ||| RETREEEEATING.
   738 | D:2      | 738 ||| RETREEEEATING.
   739 | D:2      | 739 ||| RETREEEEATING.
   739 | D:2      | HP: 1/22 [Natasha/magic dart (9)]
   740 | D:2      | 740 ||| RETREEEEATING.
   741 | D:2      | 741 ||| RETREEEEATING.
   742 | D:2      | 742 ||| RETREEEEATING.
   750 | D:2      | HP: 2/22 [cerulean imp/+1 spear[Natasha] (2)]
   751 | D:2      | Slain by a cerulean imp

Levels and vault maps discovered:
D:1:      nzn_arrival_water_spiral, layout_rooms, serial_glass, glass_columns_a,
          glass_columns_b
D:2:      layout_rooms, basic_altar, uniq_natasha, uniq_crazy_yiuf_cottage

Skill      XL: |  1  2  3 |
---------------+----------+-----
Dodging        | 3 4 |  4.7
Ranged Weapons | 5 |  5.0
Fighting       | |  1.5
Stealth        | |  1.5

Action                     |  1- 3 |  4- 6 || total
---------------------------+-------+-------++-------
   Fire: Shortbow          |    88 |    41 ||   129
    Use: Potion            |     2 |       ||     2
         Scroll            |     1 |       ||     1
 Armour: Robe              |     3 |    13 ||    16
  Dodge: Dodged            |    16 |    42 ||    58

Table legend:
 A = Non-vault XP
 B = Vault XP
 C = Vault XP percentage of total XP
 D = Non-vault monster count
 E = Vault monster count
 F = Vault count percentage of total count
                 A         B        C        D         E       F
            +---------+---------+-------+---------+---------+-------
      Total |     123 |       0 |   0.0 |      45 |       0 |   0.0
            +---------+---------+-------+---------+---------+-------
        D:1 |      62 |       0 |   0.0 |      28 |       0 |   0.0
        D:2 |      61 |       0 |   0.0 |      17 |       0 |   0.0
            +---------+---------+-------+---------+---------+-------
